Workbook

Sheet Прил 1
B1: Приложение 1
B2: Решение Совета депутатов Анненковского сельского поселения Ромодановского муниципального района Республики Мордовия "О бюджете Анненковского сельского поселения Ромодановского муниципального района Республики Мордовия на 2025 год и на плановый период 2026и 2027 годов"
A3: НОРМАТИВЫ РАСПРЕДЕЛЕНИЯ ДОХОДОВ МЕЖДУ БЮДЖЕТОМ АННЕНКОВСКОГО СЕЛЬСКОГО ПОСЕЛЕНИЯ РОМОДАНОВСКОГО МУНИЦИПАЛЬНОГО РАЙОНА РЕСПУБЛИКИ МОРДОВИЯ И БЮДЖЕТОМ РОМОДАНОВСКОГО МУНИЦИПАЛЬНОГО РАЙОНА РЕСПУБЛИКИ МОРДОВИЯ НА 2025 ГОД И НА ПЛАНОВЫЙ ПЕРИОД 2026 И 2027 ГОДОВ (в процентах от сумм, зачисляемых в консолидированный бюджет Анненковского сельского поселения Ромодановского муниципального района Республики Мордовия)
A5: Наименование дохода | B5: Местные бюджеты,%
B6: Бюджет поселение
A7: 1 | B7: 3
A8: Доходы от федеральных налогов и сборов
A9: В части погашения задолженности и перерасчетов по отмененным налогам, сборам и иным обязательным платежам
A10: Земельный налог (по обязательствам, возникшим до 1 января 2006 года), мобилизуемый на территориях поселений | B10: 100
A11: Налог с продаж | B11: 0
A12: Налог, взимаемый в виде стоимости патента в связи с применением упрощенной системы налогообложения (за налоговые периоды с 1 января 2011 года по 1 января 2013 года) | B12: 0
A13: Налог на рекламу | B13: 0
A14: Целевые сборы с граждан и предприятий, учреждений, организаций на содержание милиции, на благоустройство территорий, на нужды образования и другие цели | B14: 0
A15: Лицензионный сбор за право торговли спиртными напитками | B15: 0
A16: Прочие местные налоги и сборы | B16: 0
A17: В части доходов от оказания платных услуг (работ) и компенсации затрат государства
A18: Прочие доходы от оказания платных услуг (работ) получателями средств бюджетов муниципальных районов | B18: 0
A19: Прочие доходы от оказания платных услуг (работ) получателями средств бюджетов поселений | B19: 100
A20: Прочие доходы от компенсации затрат бюджетов муниципальных районов | B20: 0
A21: Прочие доходы от компенсации затрат бюджетов поселений | B21: 100
A22: В части административных платежей и сборов
A23: Платежи, взимаемые органами местного самоуправления (организациями) муниципальных районов за выполнение определенных функций | B23: 0
A24: Платежи, взимаемые органами местного самоуправления (организациями) поселений за выполнение определенных функций | B24: 100
A25: В части штрафов, санкций, возмещение ущерба
A26: Доходы от возмещения ущерба при возникновении страховых случаев, когда выгодоприобретателями выступают получатели средств бюджетов муниципальных районов | B26: 0
A27: Доходы от возмещения ущерба при возникновении страховых случаев, когда выгодоприобретателями выступают получатели средств бюджетов поселений | B27: 100
A28: Денежные взыскания (штрафы) и иные суммы, взыскиваемые с лиц, виновных в совершении преступлений, и в возмещение ущерба имуществу, зачисляемые в бюджеты муниципальных районов | B28: 0
A29: Денежные взыскания (штрафы) и иные суммы, взыскиваемые с лиц, виновных в совершении преступлений, и в возмещение ущерба имуществу, зачисляемые в бюджеты поселений | B29: 100
A30: Денежные взыскания, налагаемые в возмещение ущерба, причиненного в результате незаконного или нецелевого использования бюджетных средств (в части бюджетов муниципальных районов) | B30: 0
A31: Денежные взыскания, налагаемые в возмещение ущерба, причиненного в результате незаконного или нецелевого использования бюджетных средств (в части бюджетов поселений) | B31: 100
A32: Прочие поступления от денежных взысканий (штрафов) и иных сумм в возмещение ущерба, зачисляемые в бюджеты муниципальных районов | B32: 0
A33: Прочие поступления от денежных взысканий (штрафов) и иных сумм в возмещение ущерба, зачисляемые в бюджеты поселений | B33: 100
A34: В части прочих неналоговых доходов
A35: Невыясненные поступления, зачисляемые в бюджеты муниципальных районов | B35: 0
A36: Невыясненные поступления, зачисляемые в бюджеты поселений | B36: 100
A37: Прочие неналоговые доходы бюджетов муниципальных районов | B37: 0
A38: Прочие неналоговые доходы бюджетов поселений | B38: 100

Sheet Приложение 2
C1: Приложение 2 решение Совета депутатов Анненковского сельского поселения Ромодановского муниципального района Республики Мордовия «О бюджете Анненковского сельского поселения Ромодановского муниципального района Республики Мордовия на 2025 год и на плановый период 2026 и 2027 годов»
A6: ОБЪЕМ БЕЗВОЗМЕЗДНЫХ ПОСТУПЛЕНИЙ В БЮДЖЕТ АННЕНКОВСКОГО СЕЛЬСКОГО ПОСЕЛЕНИЯ РОМОДАНОВСКОГО МУНИЦИПАЛЬНОГО РАЙОНА РЕСПУБЛИКИ МОРДОВИЯ НА 2025 ГОД И НА ПЛАНОВЫЙ ПЕРИОД 2026 И 2027 ГОДОВ
E7: (тыс. рублей)
A8: Код | B8: Наименование | C8: Сумма
C9: 2025 год | D9: 2026 год | E9: 2027 год
A10: 1 | B10: 2 | C10: 3 | D10: 4 | E10: 5
A11: 2 00 00000 00 0000 000 | B11: БЕЗВОЗМЕЗДНЫЕ ПОСТУПЛЕНИЯ | C11: =C12 -> 1460.3 | D11: =D12 -> 1122.1 | E11: =E12 -> 1198.6
A12: 2 02 00000 00 0000 000 | B12: Безвозмездные поступления от других бюджетов бюджетной системы Российской Федерации | C12: =C13+C21+C26+C18 -> 1460.3 | D12: =D13+D21+D26 -> 1122.1 | E12: =E13+E21+E26 -> 1198.6
A13: 2 02 10000 00 0000 150 | B13: Дотации бюджетам бюджетной системы Российской Федерации | C13: =C14+C16 -> 882.8 | D13: =D14 -> 555.6 | E13: =E14 -> 609.8
A14: 2 02 15001 00 0000150 | B14: Дотации на выравнивание бюджетной обеспеченности | C14: =C15 -> 611.6 | D14: =D15 -> 555.6 | E14: =E15 -> 609.8
A15: 2 02 15001 10 0000 150 | B15: Дотации бюджетам сельских поселений на выравнивание бюджетной обеспеченности из бюджета субъекта Российской Федерации | C15: 611.6 | D15: 555.6 | E15: 609.8
A16: 2 02 15002 00 0000 150 | B16: Дотация бюджетам на поддержку мер по обеспечению сбалансированности бюджетов | C16: =C17 -> 271.2
A17: 2 02 15002 10 0000 150 | B17: Дотации бюджетам сельских поселений на поддержку мер по обеспечению сбалансированности бюджетов | C17: 271.2
A18: 2 02 20000 00 0000 150 | B18: Субсидии бюджетам бюджетной системы Российской Федерации (межбюджетные субсидии) | C18: =C19 -> 47.9
A19: 2 02 29999 00 0000 150 | B19: Прочие субсидии | C19: =C20 -> 47.9
A20: 2 02 29999 10 0000 150 | B20: Прочие субсидии бюджетам сельских поселений | C20: 47.9
A21: 2 02 30000 00 0000 150 | B21: Субвенции бюджетам бюджетной системы Российской Федерации | C21: =C22+C24 -> 159.6 | D21: =D22+D24 -> 174.5 | E21: =E22+E24 -> 180.8
A22: 2 02 30024 00 0000 150 | B22: Субвенции местным бюджетам на выполнение передаваемых полномочий субъектов Российской Федерации | C22: =C23 -> 0.6 | D22: =D23 -> 0.6 | E22: =E23 -> 0.6
A23: 2 02 30024 10 0000 150 | B23: Субвенции бюджетам сельских поселений на выполнение передаваемых полномочий субъектов Российской Федерации | C23: 0.6 | D23: 0.6 | E23: 0.6
A24: 2 02 35118 00 0000 150 | B24: Субвенции бюджетам на осуществление первичного воинского учета органами местного самоуправления поселений,муниципальных и городских округов | C24: =C25 -> 159 | D24: =D25 -> 173.9 | E24: =E25 -> 180.2
A25: 2 02 35118 10 0000 150 | B25: Субвенции бюджетам сельских поселений на осуществление первичного воинского учета органами местного самоуправления поселений,муниципальных и городских округов | C25: 159 | D25: 173.9 | E25: 180.2
A26: 2 02 40000 00 0000 150 | B26: Иные межбюджетные трансферты | C26: =C27 -> 370 | D26: =D27 -> 392 | E26: =E27 -> 408
A27: 2 02 40014 00 0000 150 | B27: Межбюджетные трансферты, передаваемые бюджетам муниципальных образований на осуществление части полномочий по решению вопросов местного значения в соответствии с заключенными соглашениями | C27: =C28 -> 370 | D27: =D28 -> 392 | E27: =E28 -> 408
A28: 2 02 40014 10 0000 150 | B28: Межбюджетные трансферты, передаваемые бюджетам сельских поселений из бюджетов муниципальных районов на осуществление части полномочий по решению вопросов местного значения в соответветствии с заключенными соглашениями | C28: 370 | D28: 392 | E28: 408

Sheet Приложение 3
I1: Приложение 3 решение Совета депутатов Анненковского сельского поселения Ромодановского муниципального района Республики Мордовия «О бюджете Анненковского сельского поселения Ромодановского муниципального района Республики Мордовия на 2025 год и на плановый период 2026 и 2027 годов»
A2: ВЕДОМСТВЕННАЯ СТРУКТУРА РАСХОДОВ БЮДЖЕТА АННЕНКОВСКОГО СЕЛЬСКОГО ПОСЕЛЕНИЯ РОМОДАНОВСКОГО МУНИЦИПАЛЬНОГО РАЙОНА РЕСПУБЛИКИ МОРДОВИЯ НА 2025 ГОД И НА ПЛАНОВЫЙ ПЕРИОД 2026 И 2027 ГОДОВ
I3: (тыс. рублей)
A4: Наименование | B4: Адм | C4: Рз | D4: Прз | E4: Цср | I4: Вр | J4: Сумма
J5: 2025 год | K5: 2026 год | L5: 2027 год
A6: 1 | B6: 2 | C6: 3 | D6: 4 | E6: 5 | F6: 6 | G6: 7 | H6: 8 | I6: 9 | J6: 10 | K6: 11 | L6: 12
A7: Администрация Анненковского сельского поселения Ромодановского муниципального района Республики Мордовия | B7: 910 | J7: =J8+J40+J49+J56+J67+J74 -> 2312.4 | K7: =K8+K40+K49+K56+K67+K81+K74 -> 2011.3 | L7: =L8+L40+L49+L56+L67+L81+L74 -> 2129.6
A8: Общегосударственные вопросы | B8: 910 | C8: 01 | J8: =J9+J18 -> 1573.6 | K8: =K9+K18 -> 1226.4 | L8: =L9+L18 -> 1281.2
A9: Функционирование высшего должностного лица субъекта Российской Федерации и муниципального образования | B9: 910 | C9: 01 | D9: 02 | J9: =J10 -> 468.7 | K9: =K10 -> 414.3 | L9: =L10 -> 360.4
A10: Обеспечение деятельности Администрации Анненковского сельского поселения Ромодановского муниципального района Республики Мордовия | B10: 910 | C10: 01 | D10: 02 | E10: 65 | J10: =J11 -> 468.7 | K10: =K11 -> 414.3 | L10: =L11 -> 360.4
A11: Высшее должностное лицо | B11: 910 | C11: 01 | D11: 02 | E11: 65 | F11: 1 | J11: =J12+J15 -> 468.7 | K11: =K12 -> 414.3 | L11: =L12 -> 360.4
A12: Расходы на выплаты по оплате труда высшего должностного лица | B12: 910 | C12: 01 | D12: 02 | E12: 65 | F12: 1 | G12: 00 | H12: 41150 | J12: =J13 -> 420.8 | K12: =K13 -> 414.3 | L12: =L13 -> 360.4
A13: Расходы на выплаты персоналу в целях обеспечения выполнения функций государственными (муниципальными) органами, казенными учреждениями, органами управления государственными внебюджетными фондами | B13: 910 | C13: 01 | D13: 02 | E13: 65 | F13: 1 | G13: 00 | H13: 41150 | I13: 100 | J13: =J14 -> 420.8 | K13: =K14 -> 414.3 | L13: =L14 -> 360.4
A14: Расходы на выплаты персоналу государственных (муниципальных) органов | B14: 910 | C14: 01 | D14: 02 | E14: 65 | F14: 1 | G14: 00 | H14: 41150 | I14: 120 | J14: 420.8 | K14: 414.3 | L14: 360.4
A15: ='[1]Приложение 2'!$A$24 -> Субсидии на со финансирование расходных обязательств по финансовому обеспечению деятельности органов местного самоуправления и муниципальных учреждений | B15: 910 | C15: 01 | D15: 02 | E15: 65 | F15: 1 | G15: 00 | H15: 44205 | J15: =J16 -> 47.9
A16: =A13 -> Расходы на выплаты персоналу в целях обеспечения выполнения функций государственными (муниципальными) органами, казенными учреждениями, органами управления государственными внебюджетными фондами | B16: 910 | C16: 01 | D16: 02 | E16: 65 | F16: 1 | G16: 00 | H16: 44205 | I16: 100 | J16: =J17 -> 47.9
A17: =A14 -> Расходы на выплаты персоналу государственных (муниципальных) органов | B17: 910 | C17: 01 | D17: 02 | E17: 65 | F17: 1 | G17: 00 | H17: 44205 | I17: 120 | J17: 47.9
A18: Функционирование Правительства Российской Федерации, высших исполнительных органов субъектов Российской Федерации, местных администраций | B18: 910 | C18: 01 | D18: 04 | J18: =J19+J29+J34 -> 1104.9 | K18: =K19 -> 812.1 | L18: =L19 -> 920.8
A19: Обеспечение деятельности Администрации Анненковского сельского поселения Ромодановского муниципального района Республики Мордовия | B19: 910 | C19: 01 | D19: 04 | E19: 65 | J19: =J20+J24 -> 1099.3 | K19: =K20+K24+K33+K34 -> 812.1 | L19: =L20+L24+L33+L39 -> 920.8
A20: Расходы в рамках обеспечения деятельности Администрации Анненковского сельского поселения | B20: 910 | C20: 01 | D20: 04 | E20: 65 | F20: 2 | J20: =J22 -> 625 | K20: =K21 -> 605.9 | L20: =L21 -> 605.9
A21: Расходы на выплату по оплате труда работников органов местного самоуправления | B21: 910 | C21: 01 | D21: 04 | E21: 65 | F21: 2 | G21: 00 | H21: 41110 | J21: =J22 -> 625 | K21: =K22 -> 605.9 | L21: =L22 -> 605.9
A22: Расходы на выплаты персоналу в целях обеспечения выполнения функций государственными (муниципальными) органами, казенными учреждениями, органами управления государственными внебюджетными фондами | B22: 910 | C22: 01 | D22: 04 | E22: 65 | F22: 2 | G22: 00 | H22: 41110 | I22: 100 | J22: =J23 -> 625 | K22: =K23 -> 605.9 | L22: =L23 -> 605.9
A23: Расходы на выплаты персоналу государственных (муниципальных) органов | B23: 910 | C23: 01 | D23: 04 | E23: 65 | F23: 2 | G23: 00 | H23: 41110 | I23: 120 | J23: 625 | K23: 605.9 | L23: 605.9
A24: Расходы на обеспечение выполнения функций органов местного самоуправления | B24: 910 | C24: 01 | D24: 04 | E24: 65 | F24: 2 | G24: 00 | H24: 41120 | J24: =+J25+J27 -> 474.3 | K24: =K25+K27 -> 200.6 | L24: =L25+L27 -> 309.3
A25: Закупка товаров, работ и услуг для обеспечения государственных (муниципальных) нужд | B25: 910 | C25: 01 | D25: 04 | E25: 65 | F25: 2 | G25: 00 | H25: 41120 | I25: 200 | J25: =J26 -> 469.3 | K25: =K26 -> 195.6 | L25: =L26 -> 304.3
A26: Иные закупки товаров, работ и услуг для обеспечения государственных (муниципальных) нужд | B26: 910 | C26: 01 | D26: 04 | E26: 65 | F26: 2 | G26: 00 | H26: 41120 | I26: 240 | J26: 469.3 | K26: 195.6 | L26: 304.3
A27: Иные бюджетные ассигнования | B27: 910 | C27: 01 | D27: 04 | E27: 65 | F27: 2 | G27: 00 | H27: 41120 | I27: 800 | J27: =J28 -> 5 | K27: =K28 -> 5 | L27: =L28 -> 5
A28: Уплата налогов, сборов и иных платежей | B28: 910 | C28: 01 | D28: 04 | E28: 65 | F28: 2 | G28: 00 | H28: 41120 | I28: 850 | J28: 5 | K28: 5 | L28: 5
A29: Непрограммные расходы главных распорядителей средств бюджета Анненковского сельского поселения Ромодановского муниципального района Республики Мордовия | B29: 910 | C29: 01 | D29: 04 | E29: 89 | J29: =J30 -> 0.6 | K29: =K30 -> 0.6 | L29: =L30 -> 0.6
A30: Непрограммные расходы в рамках обеспечения деятельности главных распорядителей средств бюджета Анненковского сельского поселения Ромодановского муниципального района Республики Мордовия | B30: 910 | C30: 01 | D30: 04 | E30: 89 | F30: 1 | J30: =J31 -> 0.6 | K30: =K31 -> 0.6 | L30: =L31 -> 0.6
A31: Осуществление государственных полномочий Республики Мордовия по определению перечня должностных лиц, уполномоченных составлять протоколы об административных правонарушениях, предусмотренных Законом Республики Мордовия от 15 июня 2015 года № 38-З "Об административной ответственности на территории Республики Мордовия" | B31: 910 | C31: 01 | D31: 04 | E31: 89 | F31: 1 | G31: 00 | H31: 77150 | J31: =J32 -> 0.6 | K31: =K32 -> 0.6 | L31: =L32 -> 0.6
A32: Закупка товаров, работ и услуг для обеспечения государственных (муниципальных) нужд | B32: 910 | C32: 01 | D32: 04 | E32: 89 | F32: 1 | G32: 00 | H32: 77150 | I32: 200 | J32: =J33 -> 0.6 | K32: =K33 -> 0.6 | L32: =L33 -> 0.6
A33: Иные закупки товаров, работ и услуг для обеспечения государственных (муниципальных) нужд | B33: 910 | C33: 01 | D33: 04 | E33: 89 | F33: 1 | G33: 00 | H33: 77150 | I33: 240 | J33: 0.6 | K33: 0.6 | L33: 0.6
A34: Резервные фонды | B34: 910 | C34: 01 | D34: 11 | J34: =J35 -> 5 | K34: =K35 -> 5 | L34: =L35 -> 5
A35: Непрограммные расходы главных распорядителей средств бюджетаАнненковского сельского поселения Ромодановского муниципального района Республики Мордовия | B35: 910 | C35: 01 | D35: 11 | E35: 89 | J35: =J36 -> 5 | K35: =K36 -> 5 | L35: =L36 -> 5
A36: Непрограммные расходы в рамках обеспечения деятельности главных распорядителей средств бюджетаАнненковского сельского поселения Ромодановского муниципального района Республики Мордовия | B36: 910 | C36: 01 | D36: 11 | E36: 89 | F36: 1 | J36: =J37 -> 5 | K36: =K37 -> 5 | L36: =L37 -> 5
A37: Резервный фонд аминистрации Анненковского сельского поселени Ромодановского муниципального района Республики Мордовия | B37: 910 | C37: 01 | D37: 11 | E37: 89 | F37: 1 | G37: 00 | H37: 41180 | J37: =J39 -> 5 | K37: =K39 -> 5 | L37: =L38 -> 5
A38: Иные бюджетные ассигнования | B38: 910 | C38: 01 | D38: 11 | E38: 89 | F38: 1 | G38: 00 | H38: 41180 | I38: 800 | J38: =J39 -> 5 | K38: =K39 -> 5 | L38: =L39 -> 5
A39: Резервные средства | B39: 910 | C39: 01 | D39: 11 | E39: 89 | F39: 1 | G39: 00 | H39: 41180 | I39: 870 | J39: 5 | K39: 5 | L39: 5
A40: Национальная оборона | B40: 910 | C40: 02 | J40: =J41 -> 159 | K40: =K41 -> 173.9 | L40: =L41 -> 180.2
A41: Мобилизационная и вневойсковая подготовка | B41: 910 | C41: 02 | D41: 03 | J41: =J42 -> 159 | K41: =K42 -> 173.9 | L41: =L42 -> 180.2
A42: =A35 -> Непрограммные расходы главных распорядителей средств бюджетаАнненковского сельского поселения Ромодановского муниципального района Республики Мордовия | B42: 910 | C42: 02 | D42: 03 | E42: 89 | J42: =J43 -> 159 | K42: =K43 -> 173.9 | L42: =L43 -> 180.2
A43: =A36 -> Непрограммные расходы в рамках обеспечения деятельности главных распорядителей средств бюджетаАнненковского сельского поселения Ромодановского муниципального района Республики Мордовия | B43: 910 | C43: 02 | D43: 03 | E43: 89 | F43: 1 | J43: =J44 -> 159 | K43: =K44 -> 173.9 | L43: =L44 -> 180.2
A44: Осуществление государственных полномочий Российской Федерации по воинскому учету в поселениях, на территориях которых отсутствуют структурные подразделения военных комиссариатов | B44: 910 | C44: 02 | D44: 03 | E44: 89 | F44: 1 | G44: 00 | H44: 51180 | J44: =J47+J45 -> 159 | K44: =K47+K45 -> 173.9 | L44: =L45+L47 -> 180.2
A45: Расходы на выплаты персоналу в целях обеспечения выполнения функций государственными (муниципальными) органами, казенными учреждениями, органами управления государственными внебюджетными фондами | B45: 910 | C45: 02 | D45: 03 | E45: 89 | F45: 1 | G45: 00 | H45: 51180 | I45: 100 | J45: =J46 -> 154 | K45: =K46 -> 168.9 | L45: =L46 -> 175.2
A46: Расходы на выплаты персоналу государственных (муниципальных) органов | B46: 910 | C46: 02 | D46: 03 | E46: 89 | F46: 1 | G46: 00 | H46: 51180 | I46: 120 | J46: 154 | K46: 168.9 | L46: 175.2
A47: Закупка товаров, работ и услуг для обеспечения государственных (муниципальных) нужд | B47: 910 | C47: 02 | D47: 03 | E47: 89 | F47: 1 | G47: 00 | H47: 51180 | I47: 200 | J47: =J48 -> 5 | K47: =K48 -> 5 | L47: =L48 -> 5
A48: Иные закупки товаров, работ и услуг для обеспечения государственных (муниципальных) нужд | B48: 910 | C48: 02 | D48: 03 | E48: 89 | F48: 1 | G48: 00 | H48: 51180 | I48: 240 | J48: 5 | K48: 5 | L48: 5
A49: Национальная экономика | B49: 910 | C49: 04 | J49: =J50 -> 370 | K49: =K50 -> 392 | L49: =L50 -> 408
A50: Дорожное хозяйство (дорожные фонды) | B50: 910 | C50: 04 | D50: 09 | J50: =J51 -> 370 | K50: =K51 -> 392 | L50: =L51 -> 408
A51: Муниципальная программа «Комплексного развития транспортной инфраструктуры Анненковского сельского поселения Ромодановского муниципального района Республики Мордовия на 2018- 2028 года и с перспективой до 2030 года" | B51: 910 | C51: 04 | D51: 09 | E51: 13 | J51: =J53 -> 370 | K51: =K53 -> 392 | L51: =L52 -> 408
A52: Основное мероприятия " Ремонт и содержание дорог в границах поселения,поддержание дорожного полотна в работоспособном состоянии. | B52: 910 | C52: 04 | D52: 09 | E52: 13 | F52: 0 | G52: 01 | J52: =J53 -> 370 | K52: =K53 -> 392 | L52: =L53 -> 408
A53: Иные межбюджетные трансферты на осуществление полномочий по дорожной деятельности в отношении автомобильных дорог местного значения в границах населенных пунктов поселения и обеспечению безопасности дорожного движения на них, включая создание и обеспечение функционирования парковок (парковочных мест), осуществлению муниципального контроля на автомобильном транспорте, городском наземном электрическом транспорте и в дорожном хозяйстве в границах населенных пунктов поселения, организации дорожного движения, а также осуществлению иных полномочий в области использования автомобильных дорог и осуществления дорожной деятельности в соответствии с законодательством Российской Федерации | B53: 910 | C53: 04 | D53: 09 | E53: 13 | F53: 0 | G53: 01 | H53: 9Д184 | J53: =J54 -> 370 | K53: =K54 -> 392 | L53: =L54 -> 408
A54: Закупка товаров, работ и услуг для обеспечения государственных (муниципальных) нужд | B54: 910 | C54: 04 | D54: 09 | E54: 13 | F54: 0 | G54: 01 | H54: 9Д184 | I54: 200 | J54: =J55 -> 370 | K54: =K55 -> 392 | L54: =L55 -> 408
A55: Иные закупки товаров, работ и услуг для обеспечения государственных (муниципальных) нужд | B55: 909 | C55: 04 | D55: 09 | E55: 13 | F55: 0 | G55: 01 | H55: 9Д184 | I55: 240 | J55: 370 | K55: 392 | L55: 408
A56: Жилищно-коммунальное хозяйство | B56: 909 | C56: 05 | J56: =J57 -> 69.8 | K56: =K57 -> 31.6 | L56: =L57 -> 19
A57: Благоустройство | B57: 910 | C57: 05 | D57: 03 | J57: =J58 -> 69.8 | K57: =K58 -> 31.6 | L57: =L58 -> 19
A58: Муниципальная программа "Комплексного развития социальной инфраструктуры Анненковского сельского поселения Ромодановского муниципального района Республики Мордовия на 2018-2028 года" и с перспективой до 2030 года. | B58: 910 | C58: 05 | D58: 03 | E58: 10 | J58: =J63+J59 -> 69.8 | K58: =K63+K59 -> 31.6 | L58: =L59+L63 -> 19
A59: Основное мероприятия "Благоустройство территории" | B59: 910 | C59: 05 | D59: 03 | E59: 10 | F59: 0 | G59: 07 | J59: =J60 -> 20 | K59: =K60 -> 5 | L59: =L60 -> 5
A60: Прочие мероприятия по благоустройству | B60: 910 | C60: 05 | D60: 03 | E60: 10 | F60: 0 | G60: 07 | H60: 43040 | J60: =J61 -> 20 | K60: =K61 -> 5 | L60: =L61 -> 5
A61: =A65 -> Закупка товаров, работ и услуг для обеспечения государственных (муниципальных) нужд | B61: 910 | C61: 05 | D61: 03 | E61: 10 | F61: 0 | G61: 07 | H61: 43040 | I61: 200 | J61: =J62 -> 20 | K61: =K62 -> 5 | L61: =L62 -> 5
A62: =A66 -> Иные закупки товаров, работ и услуг для обеспечения государственных (муниципальных) нужд | B62: 910 | C62: 05 | D62: 03 | E62: 10 | F62: 0 | G62: 07 | H62: 43040 | I62: 240 | J62: 20 | K62: 5 | L62: 5
A63: Основное мероприятия "Освещение территории сельского поселения" | B63: 910 | C63: 05 | D63: 03 | E63: 10 | F63: 0 | G63: 08 | J63: =J64 -> 49.8 | K63: =K64 -> 26.6 | L63: =L64 -> 14
A64: Уличное освещение | B64: 910 | C64: 05 | D64: 03 | E64: 10 | F64: 0 | G64: 08 | H64: 43010 | J64: =J65 -> 49.8 | K64: =K65 -> 26.6 | L64: =L65 -> 14
A65: Закупка товаров, работ и услуг для обеспечения государственных (муниципальных) нужд | B65: 910 | C65: 05 | D65: 03 | E65: 10 | F65: 0 | G65: 08 | H65: 43010 | I65: 200 | J65: =J66 -> 49.8 | K65: =K66 -> 26.6 | L65: =L66 -> 14
A66: Иные закупки товаров, работ и услуг для обеспечения государственных (муниципальных) нужд | B66: 910 | C66: 05 | D66: 03 | E66: 10 | F66: 0 | G66: 08 | H66: 43010 | I66: 240 | J66: 49.8 | K66: 26.6 | L66: 14
A67: Социальная политика | B67: 910 | C67: 10 | J67: =J68 -> 138.4 | K67: =K68 -> 138.4 | L67: =L69 -> 138.4
A68: Пенсионное обеспечение | B68: 910 | C68: 10 | D68: 01 | J68: =J69 -> 138.4 | K68: =K69 -> 138.4 | L68: =L69 -> 138.4
A69: Непрограммные расходы главных распорядителей средств бюджетаАнненковского сельского поселения Ромодановского муниципального района Республики Мордовия | B69: 910 | C69: 10 | D69: 01 | E69: 89 | J69: =J70 -> 138.4 | K69: =K70 -> 138.4 | L69: =L70 -> 138.4
A70: Непрограммные расходы в рамках обеспечения деятельности главных распорядителей средств бюджетаАнненковского сельского поселения Ромодановского муниципального района Республики Мордовия | B70: 910 | C70: 10 | D70: 01 | E70: 89 | F70: 1 | J70: =J71 -> 138.4 | K70: =K71 -> 138.4 | L70: =L71 -> 138.4
A71: Доплаты к пенсиям муниципальных служащих Республики Мордовия | B71: 910 | C71: 10 | D71: 01 | E71: 89 | F71: 1 | G71: 00 | H71: 03010 | J71: =J72 -> 138.4 | K71: =K72 -> 138.4 | L71: =L72 -> 138.4
A72: Социальное обеспечение и иные выплаты населению | B72: 910 | C72: 10 | D72: 01 | E72: 89 | F72: 1 | G72: 00 | H72: 03010 | I72: 300 | J72: =J73 -> 138.4 | K72: =K73 -> 138.4 | L72: =L73 -> 138.4
A73: Публичные нормативные социальные выплаты гражданам | B73: 910 | C73: 10 | D73: 01 | E73: 89 | F73: 1 | G73: 00 | H73: 03010 | I73: 310 | J73: 138.4 | K73: 138.4 | L73: 138.4
A74: Обслуживание государственного (муниципального)долга | B74: 910 | C74: 13 | J74: =J75 -> 1.6 | K74: =K75 -> 1.5 | L74: =L75 -> 1.4
A75: Обслуживание государственного (муниципального)внутреннего долга | B75: 910 | C75: 13 | D75: 01 | J75: =J76 -> 1.6 | K75: =K76 -> 1.5 | L75: =L76 -> 1.4
A76: =A69 -> Непрограммные расходы главных распорядителей средств бюджетаАнненковского сельского поселения Ромодановского муниципального района Республики Мордовия | B76: 910 | C76: 13 | D76: 01 | E76: 89 | J76: =J77 -> 1.6 | K76: =K77 -> 1.5 | L76: =L77 -> 1.4
A77: =A70 -> Непрограммные расходы в рамках обеспечения деятельности главных распорядителей средств бюджетаАнненковского сельского поселения Ромодановского муниципального района Республики Мордовия | B77: 910 | C77: 13 | D77: 01 | E77: 89 | F77: 1 | J77: =J78 -> 1.6 | K77: =K78 -> 1.5 | L77: =L78 -> 1.4
A78: Процентные платежи по муниципальному долгу | B78: 910 | C78: 13 | D78: 01 | E78: 89 | F78: 1 | G78: 00 | H78: 41240 | J78: =J79 -> 1.6 | K78: =K79 -> 1.5 | L78: =L79 -> 1.4
A79: Обслуживание государственного (муниципального)долга | B79: 910 | C79: 13 | D79: 01 | E79: 89 | F79: 1 | G79: 00 | H79: 41240 | I79: 800 | J79: =J80 -> 1.6 | K79: =K80 -> 1.5 | L79: =L80 -> 1.4
A80: Обслуживание муниципального долга | B80: 910 | C80: 13 | D80: 01 | E80: 89 | F80: 1 | G80: 00 | H80: 41240 | I80: 870 | J80: 1.6 | K80: 1.5 | L80: 1.4
A81: Условно утвержденные расходы | B81: 910 | C81: 99 | J81: =J82 -> 0 | K81: =K82 -> 47.5 | L81: =L82 -> 101.4
A82: Условно утвержденные расходы | B82: 910 | C82: 99 | D82: 99 | J82: =J83 -> 0 | K82: =K83 -> 47.5 | L82: =L83 -> 101.4
A83: =A10 -> Обеспечение деятельности Администрации Анненковского сельского поселения Ромодановского муниципального района Республики Мордовия | B83: 910 | C83: 99 | D83: 99 | E83: 65 | J83: =J84 -> 0 | K83: =K84 -> 47.5 | L83: =L84 -> 101.4
A84: Высшее должностное лицо | B84: 910 | C84: 99 | D84: 99 | E84: 65 | F84: 1 | J84: =J85 -> 0 | K84: =K85 -> 47.5 | L84: =L85 -> 101.4
A85: Условно утвержденные расходы | B85: 910 | C85: 99 | D85: 99 | E85: 65 | F85: 1 | G85: 00 | H85: 41990 | J85: =J86 -> 0 | K85: =K86 -> 47.5 | L85: =L86 -> 101.4
A86: Иные бюджетные ассигнования | B86: 910 | C86: 99 | D86: 99 | E86: 65 | F86: 1 | G86: 00 | H86: 41990 | I86: 800 | J86: =J87 -> 0 | K86: =K87 -> 47.5 | L86: =L87 -> 101.4
A87: Резервные средства | B87: 910 | C87: 99 | D87: 99 | E87: 65 | F87: 1 | G87: 00 | H87: 41990 | I87: 870 | J87: 0 | K87: 47.5 | L87: 101.4

Sheet Приложение 4
H1: Приложение 4 решение Совета депутатов Анненковского сельского поселения Ромодановского муниципального района Республики Мордовия «О бюджете Анненковского сельского поселеняи Ромодановского муниципального района Республики Мордовия на 2025 год и на плановый период 2026 и 2027 годов»
A2: РАСПРЕДЕЛЕНИЕ БЮДЖЕТНЫХ АССИГНОВАНИЙ БЮДЖЕТА АННЕНКОВСКОГО СЕЛЬСКОГО ПОСЕЛЕНИЯ РОМОДАНОВСКОГО МУНИЦИПАЛЬНОГО РАЙОНА РЕСПУБЛИКИ МОРДОВИЯ ПО РАЗДЕЛАМ, ПОДРАЗДЕЛАМ, ЦЕЛЕВЫМ СТАТЬЯМ (МУНИЦИПАЛЬНЫМ ПРОГРАММАМ И НЕПРОГРАММНЫМ НАПРАВЛЕНИЯМ ДЕЯТЕЛЬНОСТИ), ГРУППАМ И ПОДГРУППАМ ВИДОВ РАСХОДОВ КЛАССИФИКАЦИИ РАСХОДОВ БЮДЖЕТОВ НА 2025 ГОД И НА ПЛАНОВЫЙ ПЕРИОД 2026 И 2027 ГОДОВ
H3: (тыс. рублей)
A4: Наименование | B4: Рз | C4: Прз | D4: Цср | H4: Вр | I4: Сумма
I5: 2025 год | J5: 2026 год | K5: 2027 год
A6: 1 | B6: 2 | C6: 3 | D6: 4 | E6: 5 | F6: 6 | G6: 7 | H6: 8 | I6: 9 | J6: 10 | K6: 11
A7: ВСЕГО | I7: =I8+I40+I49+I56+I67+I74 -> 2312.4 | J7: =J8+J40+J49+J56+J67+J81+J74 -> 2011.3 | K7: =K8+K40+K49+K56+K67+K81+K74 -> 2129.6
A8: Общегосударственные вопросы | B8: 01 | I8: =I9+I18 -> 1573.6 | J8: =J9+J18+J34 -> 1226.4 | K8: =K9+K18+K34 -> 1281.2
A9: Функционирование высшего должностного лица субъекта Российской Федерации и муниципального образования | B9: 01 | C9: 02 | I9: =I10 -> 468.7 | J9: =J10 -> 414.3 | K9: =K10 -> 360.4
A10: ='Приложение 3'!A10 -> Обеспечение деятельности Администрации Анненковского сельского поселения Ромодановского муниципального района Республики Мордовия | B10: 01 | C10: 02 | D10: 65 | I10: =I11 -> 468.7 | J10: =J11 -> 414.3 | K10: =K11 -> 360.4
A11: Высшее должностное лицо | B11: 01 | C11: 02 | D11: 65 | E11: 1 | I11: =I12+I15 -> 468.7 | J11: =J12 -> 414.3 | K11: =K12 -> 360.4
A12: Расходы на выплаты по оплате труда высшего должностного лица | B12: 01 | C12: 02 | D12: 65 | E12: 1 | F12: 00 | G12: 41150 | I12: =I13 -> 420.8 | J12: =J13 -> 414.3 | K12: =K13 -> 360.4
A13: Расходы на выплаты персоналу в целях обеспечения выполнения функций государственными (муниципальными) органами, казенными учреждениями, органами управления государственными внебюджетными фондами | B13: 01 | C13: 02 | D13: 65 | E13: 1 | F13: 00 | G13: 41150 | H13: 100 | I13: =I14 -> 420.8 | J13: =J14 -> 414.3 | K13: =K14 -> 360.4
A14: Расходы на выплаты персоналу государственных (муниципальных) органов | B14: 01 | C14: 02 | D14: 65 | E14: 1 | F14: 00 | G14: 41150 | H14: 120 | I14: ='Приложение 3'!J14 -> 420.8 | J14: ='Приложение 3'!K14 -> 414.3 | K14: ='Приложение 3'!L14 -> 360.4
A15: ='Приложение 3'!A15 -> Субсидии на со финансирование расходных обязательств по финансовому обеспечению деятельности органов местного самоуправления и муниципальных учреждений | B15: 01 | C15: 02 | D15: 65 | E15: 1 | F15: 00 | G15: 44205 | I15: =I16 -> 47.9
A16: ='Приложение 3'!A16 -> Расходы на выплаты персоналу в целях обеспечения выполнения функций государственными (муниципальными) органами, казенными учреждениями, органами управления государственными внебюджетными фондами | B16: 01 | C16: 02 | D16: 65 | E16: 1 | F16: 00 | G16: 44205 | H16: 100 | I16: =I17 -> 47.9
A17: ='Приложение 3'!A17 -> Расходы на выплаты персоналу государственных (муниципальных) органов | B17: 01 | C17: 02 | D17: 65 | E17: 1 | F17: 00 | G17: 44205 | H17: 120 | I17: ='Приложение 3'!J17 -> 47.9
A18: ='Приложение 3'!A18 -> Функционирование Правительства Российской Федерации, высших исполнительных органов субъектов Российской Федерации, местных администраций | B18: 01 | C18: 04 | I18: =I19+I29+I34 -> 1104.9 | J18: =J19+J29 -> 807.1 | K18: =K19+K29 -> 915.8
A19: ='Приложение 3'!A19 -> Обеспечение деятельности Администрации Анненковского сельского поселения Ромодановского муниципального района Республики Мордовия | B19: 01 | C19: 04 | D19: 65 | I19: =I20 -> 1099.3 | J19: =J20 -> 806.5 | K19: =K20 -> 915.2
A20: ='Приложение 3'!A20 -> Расходы в рамках обеспечения деятельности Администрации Анненковского сельского поселения | B20: 01 | C20: 04 | D20: 65 | E20: 2 | I20: =I21+I24 -> 1099.3 | J20: =J21+J24 -> 806.5 | K20: =K21+K24 -> 915.2
A21: Расходы на выплаты по оплате труда работников органов местного самоуправления | B21: 01 | C21: 04 | D21: 65 | E21: 2 | F21: 00 | G21: 41110 | I21: =I22 -> 625 | J21: =J22 -> 605.9 | K21: =K22 -> 605.9
A22: Расходы на выплаты персоналу в целях обеспечения выполнения функций государственными (муниципальными) органами, казенными учреждениями, органами управления государственными внебюджетными фондами | B22: 01 | C22: 04 | D22: 65 | E22: 2 | F22: 00 | G22: 41110 | H22: 100 | I22: =I23 -> 625 | J22: =J23 -> 605.9 | K22: =K23 -> 605.9
A23: Расходы на выплаты персоналу государственных (муниципальных) органов | B23: 01 | C23: 04 | D23: 65 | E23: 2 | F23: 00 | G23: 41110 | H23: 120 | I23: ='Приложение 3'!J23 -> 625 | J23: ='Приложение 3'!K23 -> 605.9 | K23: ='Приложение 3'!L23 -> 605.9
A24: Расходы на обеспечение выполнения функций органов местного самоуправления | B24: 01 | C24: 04 | D24: 65 | E24: 2 | F24: 00 | G24: 41120 | I24: =+I25+I27 -> 474.3 | J24: =+J25+J27 -> 200.6 | K24: =+K25+K27 -> 309.3
A25: Закупка товаров, работ и услуг для обеспечения государственных (муниципальных) нужд | B25: 01 | C25: 04 | D25: 65 | E25: 2 | F25: 00 | G25: 41120 | H25: 200 | I25: =I26 -> 469.3 | J25: =J26 -> 195.6 | K25: =K26 -> 304.3
A26: Иные закупки товаров, работ и услуг для обеспечения государственных (муниципальных) нужд | B26: 01 | C26: 04 | D26: 65 | E26: 2 | F26: 00 | G26: 41120 | H26: 240 | I26: ='Приложение 3'!J26 -> 469.3 | J26: ='Приложение 3'!K26 -> 195.6 | K26: ='Приложение 3'!L26 -> 304.3
A27: Иные бюджетные ассигнования | B27: 01 | C27: 04 | D27: 65 | E27: 2 | F27: 00 | G27: 41120 | H27: 800 | I27: =I28 -> 5 | J27: =J28 -> 5 | K27: =K28 -> 5
A28: Уплата налогов, сборов и иных платежей | B28: 01 | C28: 04 | D28: 65 | E28: 2 | F28: 00 | G28: 41120 | H28: 850 | I28: ='Приложение 3'!J28 -> 5 | J28: ='Приложение 3'!K28 -> 5 | K28: ='Приложение 3'!L28 -> 5
A29: ='Приложение 3'!A29 -> Непрограммные расходы главных распорядителей средств бюджета Анненковского сельского поселения Ромодановского муниципального района Республики Мордовия | B29: 01 | C29: 04 | D29: 89 | I29: =I30 -> 0.6 | J29: =J30 -> 0.6 | K29: =K30 -> 0.6
A30: ='Приложение 3'!A30 -> Непрограммные расходы в рамках обеспечения деятельности главных распорядителей средств бюджета Анненковского сельского поселения Ромодановского муниципального района Республики Мордовия | B30: 01 | C30: 04 | D30: 89 | E30: 1 | I30: =I31 -> 0.6 | J30: =J31 -> 0.6 | K30: =K31 -> 0.6
A31: ='Приложение 3'!A31 -> Осуществление государственных полномочий Республики Мордовия по определению перечня должностных лиц, уполномоченных составлять протоколы об административных правонарушениях, предусмотренных Законом Республики Мордовия от 15 июня 2015 года № 38-З "Об административной ответственности на территории Республики Мордовия" | B31: 01 | C31: 04 | D31: 89 | E31: 1 | F31: 00 | G31: 77150 | I31: =I32 -> 0.6 | J31: =J32 -> 0.6 | K31: =K32 -> 0.6
A32: Закупка товаров, работ и услуг для обеспечения государственных (муниципальных) нужд | B32: 01 | C32: 04 | D32: 89 | E32: 1 | F32: 00 | G32: 77150 | H32: 200 | I32: =I33 -> 0.6 | J32: =J33 -> 0.6 | K32: =K33 -> 0.6
A33: Иные закупки товаров, работ и услуг для обеспечения государственных (муниципальных) нужд | B33: 01 | C33: 04 | D33: 89 | E33: 1 | F33: 00 | G33: 77150 | H33: 240 | I33: ='Приложение 3'!J33 -> 0.6 | J33: ='Приложение 3'!K33 -> 0.6 | K33: ='Приложение 3'!L33 -> 0.6
A34: Резервные фонды | B34: 01 | C34: 11 | I34: =I35 -> 5 | J34: =J35 -> 5 | K34: =K35 -> 5
A35: =A29 -> Непрограммные расходы главных распорядителей средств бюджета Анненковского сельского поселения Ромодановского муниципального района Республики Мордовия | B35: 01 | C35: 11 | D35: 89 | I35: =I36 -> 5 | J35: =J36 -> 5 | K35: =K36 -> 5
A36: =A30 -> Непрограммные расходы в рамках обеспечения деятельности главных распорядителей средств бюджета Анненковского сельского поселения Ромодановского муниципального района Республики Мордовия | B36: 01 | C36: 11 | D36: 89 | E36: 1 | I36: =I37 -> 5 | J36: =J37 -> 5 | K36: =K37 -> 5
A37: ='Приложение 3'!A37 -> Резервный фонд аминистрации Анненковского сельского поселени Ромодановского муниципального района Республики Мордовия | B37: 01 | C37: 11 | D37: 89 | E37: 1 | F37: 00 | G37: 41180 | I37: =I39 -> 5 | J37: =J39 -> 5 | K37: =K39 -> 5
A38: Иные бюджетные ассигнования | B38: 01 | C38: 11 | D38: 89 | E38: 1 | F38: 00 | G38: 41180 | H38: 800 | I38: =I39 -> 5 | J38: =J39 -> 5 | K38: =K39 -> 5
A39: Резервные средства | B39: 01 | C39: 11 | D39: 89 | E39: 1 | F39: 00 | G39: 41180 | H39: 870 | I39: ='Приложение 3'!J39 -> 5 | J39: ='Приложение 3'!K39 -> 5 | K39: ='Приложение 3'!L39 -> 5
A40: Национальная оборона | B40: 02 | I40: =I41 -> 159 | J40: =J41 -> 173.9 | K40: =K41 -> 180.2
A41: Мобилизационная и вневойсковая подготовка | B41: 02 | C41: 03 | I41: =I42 -> 159 | J41: =J42 -> 173.9 | K41: =K42 -> 180.2
A42: ='Приложение 3'!A42 -> Непрограммные расходы главных распорядителей средств бюджетаАнненковского сельского поселения Ромодановского муниципального района Республики Мордовия | B42: 02 | C42: 03 | D42: 89 | I42: =I43 -> 159 | J42: =J43 -> 173.9 | K42: =K43 -> 180.2
A43: ='Приложение 3'!A43 -> Непрограммные расходы в рамках обеспечения деятельности главных распорядителей средств бюджетаАнненковского сельского поселения Ромодановского муниципального района Республики Мордовия | B43: 02 | C43: 03 | D43: 89 | E43: 1 | I43: =I44 -> 159 | J43: =J44 -> 173.9 | K43: =K44 -> 180.2
A44: ='Приложение 3'!A44 -> Осуществление государственных полномочий Российской Федерации по воинскому учету в поселениях, на территориях которых отсутствуют структурные подразделения военных комиссариатов | B44: 02 | C44: 03 | D44: 89 | E44: 1 | F44: 00 | G44: 51180 | I44: =I47+I45 -> 159 | J44: =J47+J45 -> 173.9 | K44: =K47+K45 -> 180.2
A45: Расходы на выплаты персоналу в целях обеспечения выполнения функций государственными (муниципальными) органами, казенными учреждениями, органами управления государственными внебюджетными фондами | B45: 02 | C45: 03 | D45: 89 | E45: 1 | F45: 00 | G45: 51180 | H45: 100 | I45: =I46 -> 154 | J45: =J46 -> 168.9 | K45: =K46 -> 175.2
A46: Расходы на выплаты персоналу государственных (муниципальных) органов | B46: 02 | C46: 03 | D46: 89 | E46: 1 | F46: 00 | G46: 51180 | H46: 120 | I46: ='Приложение 3'!J46 -> 154 | J46: ='Приложение 3'!K46 -> 168.9 | K46: ='Приложение 3'!L46 -> 175.2
A47: Закупка товаров, работ и услуг для обеспечения государственных (муниципальных) нужд | B47: 02 | C47: 03 | D47: 89 | E47: 1 | F47: 00 | G47: 51180 | H47: 200 | I47: =I48 -> 5 | J47: =J48 -> 5 | K47: =K48 -> 5
A48: Иные закупки товаров, работ и услуг для обеспечения государственных (муниципальных) нужд | B48: 02 | C48: 03 | D48: 89 | E48: 1 | F48: 00 | G48: 51180 | H48: 240 | I48: ='Приложение 3'!J48 -> 5 | J48: ='Приложение 3'!K48 -> 5 | K48: ='Приложение 3'!L48 -> 5
A49: Национальная экономика | B49: 04 | I49: =I50 -> 370 | J49: =J50 -> 392 | K49: =K50 -> 408
A50: Дорожное хозяйство (дорожные фонды) | B50: 04 | C50: 09 | I50: =I51 -> 370 | J50: =J51 -> 392 | K50: =K51 -> 408
A51: Муниципальная программа «Комплексного развития транспортной инфраструктуры Анненковского сельского поселения Ромодановского муниципального района Республики Мордовия на 2018- 2028года"и с перспективой до 2030 года. | B51: 04 | C51: 09 | D51: 13 | I51: =I52 -> 370 | J51: =J52 -> 392 | K51: =K52 -> 408
A52: ='Приложение 3'!A52 -> Основное мероприятия " Ремонт и содержание дорог в границах поселения,поддержание дорожного полотна в работоспособном состоянии. | B52: 04 | C52: 09 | D52: 13 | E52: 0 | F52: 01 | I52: =I53 -> 370 | J52: =J53 -> 392 | K52: =K53 -> 408
A53: ='Приложение 3'!A53 -> Иные межбюджетные трансферты на осуществление полномочий по дорожной деятельности в отношении автомобильных дорог местного значения в границах населенных пунктов поселения и обеспечению безопасности дорожного движения на них, включая создание и обеспечение функционирования парковок (парковочных мест), осуществлению муниципального контроля на автомобильном транспорте, городском наземном электрическом транспорте и в дорожном хозяйстве в границах населенных пунктов поселения, организации дорожного движения, а также осуществлению иных полномочий в области использования автомобильных дорог и осуществления дорожной деятельности в соответствии с законодательством Российской Федерации | B53: 04 | C53: 09 | D53: 13 | E53: 0 | F53: 01 | G53: 9Д184 | I53: =I54 -> 370 | J53: =J54 -> 392 | K53: =K54 -> 408
A54: Закупка товаров, работ и услуг для обеспечения государственных (муниципальных) нужд | B54: 04 | C54: 09 | D54: 13 | E54: 0 | F54: 01 | G54: 9Д184 | H54: 200 | I54: =I55 -> 370 | J54: =J55 -> 392 | K54: =K55 -> 408
A55: Иные закупки товаров, работ и услуг для обеспечения государственных (муниципальных) нужд | B55: 04 | C55: 09 | D55: 13 | E55: 0 | F55: 01 | G55: 9Д184 | H55: 240 | I55: ='Приложение 3'!J55 -> 370 | J55: ='Приложение 3'!K55 -> 392 | K55: ='Приложение 3'!L55 -> 408
A56: Жилищно-коммунальное хозяйство | B56: 05 | I56: =I57 -> 69.8 | J56: =J57 -> 31.6 | K56: =K57 -> 19
A57: Благоустройство | B57: 05 | C57: 03 | I57: =I58 -> 69.8 | J57: =J58 -> 31.6 | K57: =K58 -> 19
A58: ='Приложение 3'!A58 -> Муниципальная программа "Комплексного развития социальной инфраструктуры Анненковского сельского поселения Ромодановского муниципального района Республики Мордовия на 2018-2028 года" и с перспективой до 2030 года. | B58: 05 | C58: 03 | D58: 10 | I58: =I63+I59 -> 69.8 | J58: =J63+J59 -> 31.6 | K58: =K64+K59 -> 19
A59: ='Приложение 3'!A59 -> Основное мероприятия "Благоустройство территории" | B59: 05 | C59: 03 | D59: 10 | E59: 0 | F59: 07 | I59: =I60 -> 20 | J59: =J60 -> 5 | K59: =K60 -> 5
A60: ='Приложение 3'!A60 -> Прочие мероприятия по благоустройству | B60: 05 | C60: 03 | D60: 10 | E60: 0 | F60: 07 | G60: 43040 | I60: =I61 -> 20 | J60: =J61 -> 5 | K60: =K61 -> 5
A61: ='Приложение 3'!A61 -> Закупка товаров, работ и услуг для обеспечения государственных (муниципальных) нужд | B61: 05 | C61: 03 | D61: 10 | E61: 0 | F61: 07 | G61: 43040 | H61: 200 | I61: =I62 -> 20 | J61: =J62 -> 5 | K61: =K62 -> 5
A62: ='Приложение 3'!A62 -> Иные закупки товаров, работ и услуг для обеспечения государственных (муниципальных) нужд | B62: 05 | C62: 03 | D62: 10 | E62: 0 | F62: 07 | G62: 43040 | H62: 240 | I62: ='Приложение 3'!J62 -> 20 | J62: ='Приложение 3'!K62 -> 5 | K62: ='Приложение 3'!L62 -> 5
A63: ='Приложение 3'!A63 -> Основное мероприятия "Освещение территории сельского поселения" | B63: 05 | C63: 03 | D63: 10 | E63: 0 | F63: 08 | I63: =I64 -> 49.8 | J63: =J64 -> 26.6 | K63: =K64 -> 14
A64: Уличное освещение | B64: 05 | C64: 03 | D64: 10 | E64: 0 | F64: 08 | G64: 43010 | I64: =I65 -> 49.8 | J64: =J65 -> 26.6 | K64: =K65 -> 14
A65: Закупка товаров, работ и услуг для обеспечения государственных (муниципальных) нужд | B65: 05 | C65: 03 | D65: 10 | E65: 0 | F65: 08 | G65: 43010 | H65: 200 | I65: =I66 -> 49.8 | J65: =J66 -> 26.6 | K65: =K66 -> 14
A66: Иные закупки товаров, работ и услуг для обеспечения государственных (муниципальных) нужд | B66: 05 | C66: 03 | D66: 10 | E66: 0 | F66: 08 | G66: 43010 | H66: 240 | I66: ='Приложение 3'!J66 -> 49.8 | J66: ='Приложение 3'!K66 -> 26.6 | K66: ='Приложение 3'!L66 -> 14
A67: Социальная политика | B67: 10 | I67: =I68 -> 138.4 | J67: =J68 -> 138.4 | K67: =K68 -> 138.4
A68: Пенсионное обеспечение | B68: 10 | C68: 01 | I68: =I69 -> 138.4 | J68: =J69 -> 138.4 | K68: =K69 -> 138.4
A69: ='Приложение 3'!A69 -> Непрограммные расходы главных распорядителей средств бюджетаАнненковского сельского поселения Ромодановского муниципального района Республики Мордовия | B69: 10 | C69: 01 | D69: 89 | I69: =I70 -> 138.4 | J69: =J70 -> 138.4 | K69: =K70 -> 138.4
A70: ='Приложение 3'!A70 -> Непрограммные расходы в рамках обеспечения деятельности главных распорядителей средств бюджетаАнненковского сельского поселения Ромодановского муниципального района Республики Мордовия | B70: 10 | C70: 01 | D70: 89 | E70: 1 | I70: =I71 -> 138.4 | J70: =J71 -> 138.4 | K70: =K71 -> 138.4
A71: Доплаты к пенсиям муниципальных служащих Республики Мордовия | B71: 10 | C71: 01 | D71: 89 | E71: 1 | F71: 00 | G71: 03010 | I71: =I72 -> 138.4 | J71: =J72 -> 138.4 | K71: =K72 -> 138.4
A72: Социальное обеспечение и иные выплаты населению | B72: 10 | C72: 01 | D72: 89 | E72: 1 | F72: 00 | G72: 03010 | H72: 300 | I72: =I73 -> 138.4 | J72: =J73 -> 138.4 | K72: =K73 -> 138.4
A73: Публичные нормативные социальные выплаты гражданам | B73: 10 | C73: 01 | D73: 89 | E73: 1 | F73: 00 | G73: 03010 | H73: 310 | I73: ='Приложение 3'!J73 -> 138.4 | J73: ='Приложение 3'!K73 -> 138.4 | K73: ='Приложение 3'!L73 -> 138.4
A74: ='Приложение 3'!A74 -> Обслуживание государственного (муниципального)долга | B74: 13 | I74: =I75 -> 1.6 | J74: =J75 -> 1.5 | K74: =K75 -> 1.4
A75: ='Приложение 3'!A75 -> Обслуживание государственного (муниципального)внутреннего долга | B75: 13 | C75: 01 | I75: =I76 -> 1.6 | J75: =J76 -> 1.5 | K75: =K76 -> 1.4
A76: ='Приложение 3'!A76 -> Непрограммные расходы главных распорядителей средств бюджетаАнненковского сельского поселения Ромодановского муниципального района Республики Мордовия | B76: 13 | C76: 01 | D76: 89 | I76: =I77 -> 1.6 | J76: =J77 -> 1.5 | K76: =K77 -> 1.4
A77: ='Приложение 3'!A77 -> Непрограммные расходы в рамках обеспечения деятельности главных распорядителей средств бюджетаАнненковского сельского поселения Ромодановского муниципального района Республики Мордовия | B77: 13 | C77: 01 | D77: 89 | E77: 1 | I77: =I78 -> 1.6 | J77: =J78 -> 1.5 | K77: =K78 -> 1.4
A78: ='Приложение 3'!A78 -> Процентные платежи по муниципальному долгу | B78: 13 | C78: 01 | D78: 89 | E78: 1 | F78: 00 | G78: 41240 | I78: =I79 -> 1.6 | J78: =J79 -> 1.5 | K78: =K79 -> 1.4
A79: ='Приложение 3'!A79 -> Обслуживание государственного (муниципального)долга | B79: 13 | C79: 01 | D79: 89 | E79: 1 | F79: 00 | G79: 41240 | H79: 800 | I79: =I80 -> 1.6 | J79: =J80 -> 1.5 | K79: =K80 -> 1.4
A80: ='Приложение 3'!A80 -> Обслуживание муниципального долга | B80: 13 | C80: 01 | D80: 89 | E80: 1 | F80: 00 | G80: 41240 | H80: 870 | I80: ='Приложение 3'!J80 -> 1.6 | J80: ='Приложение 3'!K80 -> 1.5 | K80: ='Приложение 3'!L80 -> 1.4
A81: ='Приложение 3'!A81 -> Условно утвержденные расходы | B81: 99 | I81: =I82 -> 0 | J81: =J83 -> 47.5 | K81: =K83 -> 101.4
A82: ='Приложение 3'!A82 -> Условно утвержденные расходы | B82: 99 | C82: 99 | I82: =I83 -> 0 | J82: =J83 -> 47.5 | K82: =K83 -> 101.4
A83: ='Приложение 4'!A10 -> Обеспечение деятельности Администрации Анненковского сельского поселения Ромодановского муниципального района Республики Мордовия | B83: 99 | C83: 99 | D83: 65 | I83: =I84 -> 0 | J83: =J84 -> 47.5 | K83: =K84 -> 101.4
A84: ='Приложение 3'!A84 -> Высшее должностное лицо | B84: 99 | C84: 99 | D84: 65 | E84: 1 | I84: =I85 -> 0 | J84: =J85 -> 47.5 | K84: =K85 -> 101.4
A85: ='Приложение 3'!A85 -> Условно утвержденные расходы | B85: 99 | C85: 99 | D85: 65 | E85: 1 | F85: 00 | G85: 41990 | I85: =I86 -> 0 | J85: =J86 -> 47.5 | K85: =K86 -> 101.4
A86: ='Приложение 3'!A86 -> Иные бюджетные ассигнования | B86: 99 | C86: 99 | D86: 65 | E86: 1 | F86: 00 | G86: 41990 | H86: 800 | I86: =I87 -> 0 | J86: =J87 -> 47.5 | K86: =K87 -> 101.4
A87: ='Приложение 3'!A87 -> Резервные средства | B87: 99 | C87: 99 | D87: 65 | E87: 1 | F87: 00 | G87: 41990 | H87: 870 | I87: 0 | J87: ='Приложение 3'!K87 -> 47.5 | K87: ='Приложение 3'!L87 -> 101.4

Sheet Приложение 5
I1: Приложение 5 решение Совета депутатов Анненковского сельского поселения Ромодановского муниципального района Республики Мордовия «О бюджете Анненковского сельского поселения Ромодановского муниципального района Республики Мордовия на 2025 год и на плановый период 2026 и 2027 годов»
A2: РАСПРЕДЕЛЕНИЕ БЮДЖЕТНЫХ АССИГНОВАНИЙ БЮДЖЕТА АННЕНКОВСКОГО СЕЛЬСКОГО ПОСЕЛЕНИЯ РОМОДАНОВСКОГО МУНИЦИПАЛЬНОГО РАЙОНА РЕСПУБЛИКИ МОРДОВИЯ ПО ЦЕЛЕВЫМ СТАТЬЯМ (МУНИЦИПАЛЬНЫМ ПРОГРАММАМ И НЕПРОГРАММНЫМ НАПРАВЛЕНИЯМ ДЕЯТЕЛЬНОСТИ), ГРУППАМ И ПОДГРУППАМ ВИДОВ РАСХОДОВ, РАЗДЕЛАМ И ПОДРАЗДЕЛАМ КЛАССИФИКАЦИИ РАСХОДОВ БЮДЖЕТОВ НА 2025 ГОД И НА ПЛАНОВЫЙ ПЕРИОД 2026 И 2027 ГОДОВ
I3: (тыс. рублей)
A4: Наименование | B4: Цср | F4: ВР | G4: Рз | H4: Прз | I4: Адм | J4: Сумма
J5: 2025 год | K5: 2026 год | L5: 2027 год
A6: 1 | B6: 2 | C6: 3 | D6: 4 | E6: 5 | F6: 6 | G6: 7 | H6: 8 | I6: 9 | J6: 10 | K6: 11 | L6: 12
A7: ВСЕГО | J7: =J36+J8+J25+J79 -> 2312.4 | K7: =K36+K8+K25+K79 -> 2011.3 | L7: =L36+L8+L25+L79 -> 2129.6
A8: ='Приложение 3'!A58 -> Муниципальная программа "Комплексного развития социальной инфраструктуры Анненковского сельского поселения Ромодановского муниципального района Республики Мордовия на 2018-2028 года" и с перспективой до 2030 года. | B8: 10 | J8: =J17+J9 -> 69.8 | K8: =K17+K9 -> 31.6 | L8: =+L17+L9 -> 19
A9: ='Приложение 3'!A59 -> Основное мероприятия "Благоустройство территории" | B9: 10 | C9: 0 | D9: 07 | J9: =J10 -> 20 | K9: =K10 -> 5 | L9: =L10 -> 5
A10: ='Приложение 3'!A60 -> Прочие мероприятия по благоустройству | B10: 10 | C10: 0 | D10: 07 | E10: 43040 | J10: =J11 -> 20 | K10: =K11 -> 5 | L10: =L11 -> 5
A11: ='Приложение 3'!A61 -> Закупка товаров, работ и услуг для обеспечения государственных (муниципальных) нужд | B11: 10 | C11: 0 | D11: 07 | E11: 43040 | F11: 200 | J11: =J12 -> 20 | K11: =K12 -> 5 | L11: =L12 -> 5
A12: ='Приложение 3'!A62 -> Иные закупки товаров, работ и услуг для обеспечения государственных (муниципальных) нужд | B12: 10 | C12: 0 | D12: 07 | E12: 43040 | F12: 240 | J12: =J13 -> 20 | K12: =K13 -> 5 | L12: =L13 -> 5
A13: ='Приложение 3'!A56 -> Жилищно-коммунальное хозяйство | B13: 10 | C13: 0 | D13: 07 | E13: 43040 | F13: 240 | G13: 05 | J13: =J14 -> 20 | K13: =K14 -> 5 | L13: =L14 -> 5
A14: ='Приложение 3'!A57 -> Благоустройство | B14: 10 | C14: 0 | D14: 07 | E14: 43040 | F14: 240 | G14: 05 | H14: 03 | J14: =J15 -> 20 | K14: =K15 -> 5 | L14: =L15 -> 5
A15: =A23 -> Администрация Анненковского сельского поселения Ромодановского муниципального района Республики Мордовия | B15: 10 | C15: 0 | D15: 07 | E15: 43040 | F15: 240 | G15: 05 | H15: 03 | I15: 910 | J15: ='Приложение 3'!J62 -> 20 | K15: ='Приложение 3'!K62 -> 5 | L15: ='Приложение 3'!L62 -> 5
A16: ='Приложение 3'!A7 -> Администрация Анненковского сельского поселения Ромодановского муниципального района Республики Мордовия | B16: 10 | C16: 0 | D16: 07 | E16: 43040 | F16: 240 | G16: 05 | H16: 03 | I16: 910 | J16: =J14 -> 20 | K16: =K14 -> 5 | L16: =L14 -> 5
A17: ='Приложение 3'!A63 -> Основное мероприятия "Освещение территории сельского поселения" | B17: 10 | C17: 0 | D17: 08 | J17: =J18 -> 49.8 | K17: =K18 -> 26.6 | L17: =L18 -> 14
A18: Уличное освещение | B18: 10 | C18: 0 | D18: 08 | E18: 43010 | J18: =J19 -> 49.8 | K18: =K19 -> 26.6 | L18: =L19 -> 14
A19: Закупка товаров, работ и услуг для обеспечения государственных (муниципальных) нужд | B19: 10 | C19: 0 | D19: 08 | E19: 43010 | F19: 200 | J19: =J20 -> 49.8 | K19: =K20 -> 26.6 | L19: =L20 -> 14
A20: Иные закупки товаров, работ и услуг для обеспечения государственных (муниципальных) нужд | B20: 10 | C20: 0 | D20: 08 | E20: 43010 | F20: 240 | J20: =J21 -> 49.8 | K20: =K21 -> 26.6 | L20: =L21 -> 14
A21: Жилищно-коммунальное хозяйство | B21: 10 | C21: 0 | D21: 08 | E21: 43010 | F21: 240 | G21: 05 | J21: =J22 -> 49.8 | K21: =K22 -> 26.6 | L21: =L22 -> 14
A22: Благоустройство | B22: 10 | C22: 0 | D22: 08 | E22: 43010 | F22: 240 | G22: 05 | H22: 03 | J22: =J23 -> 49.8 | K22: =K23 -> 26.6 | L22: =L23 -> 14
A23: Администрация Анненковского сельского поселения Ромодановского муниципального района Республики Мордовия | B23: 10 | C23: 0 | D23: 08 | E23: 43010 | F23: 240 | G23: 05 | H23: 03 | I23: 910 | J23: ='Приложение 3'!J66 -> 49.8 | K23: ='Приложение 3'!K66 -> 26.6 | L23: ='Приложение 3'!L66 -> 14
A24: =A16 -> Администрация Анненковского сельского поселения Ромодановского муниципального района Республики Мордовия | B24: 10 | C24: 0 | D24: 08 | E24: 43010 | F24: 240 | G24: 05 | H24: 03 | I24: 910 | J24: ='Приложение 3'!J66 -> 49.8 | K24: ='Приложение 3'!K65 -> 26.6 | L24: ='Приложение 3'!L66 -> 14
A25: ='Приложение 3'!A51 -> Муниципальная программа «Комплексного развития транспортной инфраструктуры Анненковского сельского поселения Ромодановского муниципального района Республики Мордовия на 2018- 2028 года и с перспективой до 2030 года" | B25: 13 | J25: =J26 -> 370 | K25: =K26 -> 392 | L25: =L26 -> 408
A26: ='Приложение 3'!A52 -> Основное мероприятия " Ремонт и содержание дорог в границах поселения,поддержание дорожного полотна в работоспособном состоянии. | B26: 13 | C26: 0 | D26: 01 | J26: =J27 -> 370 | K26: =K27 -> 392 | L26: =L27 -> 408
A27: ='Приложение 3'!A53 -> Иные межбюджетные трансферты на осуществление полномочий по дорожной деятельности в отношении автомобильных дорог местного значения в границах населенных пунктов поселения и обеспечению безопасности дорожного движения на них, включая создание и обеспечение функционирования парковок (парковочных мест), осуществлению муниципального контроля на автомобильном транспорте, городском наземном электрическом транспорте и в дорожном хозяйстве в границах населенных пунктов поселения, организации дорожного движения, а также осуществлению иных полномочий в области использования автомобильных дорог и осуществления дорожной деятельности в соответствии с законодательством Российской Федерации | B27: 13 | C27: 0 | D27: 01 | E27: 9Д184 | J27: =J28 -> 370 | K27: =K28 -> 392 | L27: =L28 -> 408
A28: ='Приложение 3'!A65 -> Закупка товаров, работ и услуг для обеспечения государственных (муниципальных) нужд | B28: 13 | C28: 0 | D28: 01 | E28: 9Д184 | F28: 200 | J28: =J29 -> 370 | K28: =K29 -> 392 | L28: =L29 -> 408
A29: ='Приложение 3'!A66 -> Иные закупки товаров, работ и услуг для обеспечения государственных (муниципальных) нужд | B29: 13 | C29: 0 | D29: 01 | E29: 9Д184 | F29: 240 | J29: =J30 -> 370 | K29: =K30 -> 392 | L29: =L30 -> 408
A30: ='Приложение 3'!A49 -> Национальная экономика | B30: 13 | C30: 0 | D30: 01 | E30: 9Д184 | F30: 240 | G30: 04 | J30: =J31 -> 370 | K30: =K31 -> 392 | L30: =L31 -> 408
A31: ='Приложение 3'!A50 -> Дорожное хозяйство (дорожные фонды) | B31: 13 | C31: 0 | D31: 01 | E31: 9Д184 | F31: 240 | G31: 04 | H31: 09 | J31: =J32 -> 370 | K31: =K32 -> 392 | L31: =L32 -> 408
A32: =A23 -> Администрация Анненковского сельского поселения Ромодановского муниципального района Республики Мордовия | B32: 13 | C32: 0 | D32: 01 | E32: 44102 | F32: 240 | G32: 04 | H32: 09 | I32: 910 | J32: ='Приложение 3'!J55 -> 370 | K32: ='Приложение 3'!K55 -> 392 | L32: ='Приложение 3'!L55 -> 408
A33: =A24 -> Администрация Анненковского сельского поселения Ромодановского муниципального района Республики Мордовия | B33: 13 | C33: 0 | D33: 01 | E33: 9Д184 | F33: 240 | G33: 04 | H33: 09 | I33: 910 | J33: ='Приложение 3'!J55 -> 370 | K33: ='Приложение 3'!K55 -> 392 | L33: ='Приложение 3'!L55 -> 408
A34: Администрация Анненковского сельского поселения Ромодановского муниципального района Республики Мордовия | B34: 17 | C34: 3 | D34: 02 | E34: 51180 | F34: 120 | G34: 02 | H34: 03 | I34: 910 | J34: ='Приложение 3'!J46 -> 154 | K34: ='Приложение 3'!K46 -> 168.9 | L34: ='Приложение 3'!L46 -> 175.2
A35: Администрация Анненковского сельского поселения Ромодановского муниципального района Республики Мордовия | B35: 17 | C35: 3 | D35: 02 | E35: 51180 | F35: 240 | G35: 02 | H35: 03 | I35: 910 | J35: ='Приложение 3'!J48 -> 5 | K35: ='Приложение 3'!K48 -> 5 | L35: ='Приложение 3'!L48 -> 5
A36: ='Приложение 3'!A10 -> Обеспечение деятельности Администрации Анненковского сельского поселения Ромодановского муниципального района Республики Мордовия | B36: 65 | J36: =J37+J58 -> 1568 | K36: =K37+K58 -> 1268.3 | L36: =L37+L58 -> 1377
A37: Высшее должностное лицо | B37: 65 | C37: 1 | J37: =J38+J45+J52 -> 468.7 | K37: =K38+K45 -> 461.8 | L37: =L38+L45 -> 461.8
A38: Расходы на выплаты по оплате труда высшего должностного лица | B38: 65 | C38: 1 | D38: 00 | E38: 41150 | J38: =J39 -> 420.8 | K38: =K39 -> 414.3 | L38: =L39 -> 360.4
A39: Расходы на выплаты персоналу в целях обеспечения выполнения функций государственными (муниципальными) органами, казенными учреждениями, органами управления государственными внебюджетными фондами | B39: 65 | C39: 1 | D39: 00 | E39: 41150 | F39: 100 | J39: =J40 -> 420.8 | K39: =K40 -> 414.3 | L39: =L40 -> 360.4
A40: Расходы на выплаты персоналу государственных (муниципальных) органов | B40: 65 | C40: 1 | D40: 00 | E40: 41150 | F40: 120 | J40: =J41 -> 420.8 | K40: =K41 -> 414.3 | L40: =L41 -> 360.4
A41: Общегосударственные вопросы | B41: 65 | C41: 1 | D41: 00 | E41: 41150 | F41: 120 | G41: 01 | J41: =J42 -> 420.8 | K41: =K42 -> 414.3 | L41: =L42 -> 360.4
A42: Функционирование высшего должностного лица субъекта Российской Федерации и муниципального образования | B42: 65 | C42: 1 | D42: 00 | E42: 41150 | F42: 120 | G42: 01 | H42: 02 | J42: =J43 -> 420.8 | K42: =K43 -> 414.3 | L42: =L43 -> 360.4
A43: Администрация Анненковского сельского поселения Ромодановского муниципального района Республики Мордовия | B43: 65 | C43: 1 | D43: 00 | E43: 41150 | F43: 120 | G43: 01 | H43: 02 | I43: 910 | J43: ='Приложение 3'!J14 -> 420.8 | K43: ='Приложение 3'!K14 -> 414.3 | L43: ='Приложение 3'!L14 -> 360.4
A44: =A51 -> Администрация Анненковского сельского поселения Ромодановского муниципального района Республики Мордовия | B44: 65 | C44: 1 | D44: 00 | E44: 41150 | F44: 120 | G44: 01 | H44: 02 | I44: 910 | J44: =J42 -> 420.8 | K44: =K42 -> 414.3 | L44: =L42 -> 360.4
A45: ='Приложение 4'!A85 -> Условно утвержденные расходы | B45: 65 | C45: 1 | D45: 00 | E45: 41990 | K45: =K46 -> 47.5 | L45: =L46 -> 101.4
A46: ='Приложение 4'!A86 -> Иные бюджетные ассигнования | B46: 65 | C46: 1 | D46: 00 | E46: 41990 | F46: 800 | K46: =K47 -> 47.5 | L46: =L47 -> 101.4
A47: ='Приложение 4'!A87 -> Резервные средства | B47: 65 | C47: 1 | D47: 00 | E47: 41990 | F47: 870 | K47: =K48 -> 47.5 | L47: =L48 -> 101.4
A48: ='Приложение 4'!A81 -> Условно утвержденные расходы | B48: 65 | C48: 1 | D48: 00 | E48: 41990 | F48: 870 | G48: 99 | K48: =K49 -> 47.5 | L48: =L49 -> 101.4
A49: ='Приложение 4'!A82 -> Условно утвержденные расходы | B49: 65 | C49: 1 | D49: 00 | E49: 41990 | F49: 870 | G49: 99 | H49: 99 | K49: =K50 -> 47.5 | L49: =L50 -> 101.4
A50: Администрация Анненковского сельского поселения Ромодановского муниципального района Республики Мордовия | B50: 65 | C50: 1 | D50: 00 | E50: 41990 | F50: 870 | G50: 99 | H50: 99 | I50: 910 | K50: ='Приложение 4'!J87 -> 47.5 | L50: ='Приложение 4'!K87 -> 101.4
A51: =A57 -> Администрация Анненковского сельского поселения Ромодановского муниципального района Республики Мордовия | B51: 65 | C51: 1 | D51: 00 | E51: 41990 | F51: 870 | G51: 99 | H51: 99 | I51: 910 | K51: =K49 -> 47.5 | L51: =L49 -> 101.4
A52: ='Приложение 3'!A15 -> Субсидии на со финансирование расходных обязательств по финансовому обеспечению деятельности органов местного самоуправления и муниципальных учреждений | B52: 65 | C52: 1 | D52: 00 | E52: 44205 | J52: =J53 -> 47.9
A53: ='Приложение 3'!A16 -> Расходы на выплаты персоналу в целях обеспечения выполнения функций государственными (муниципальными) органами, казенными учреждениями, органами управления государственными внебюджетными фондами | B53: 65 | C53: 1 | D53: 00 | E53: 44205 | F53: 100 | J53: =J54 -> 47.9
A54: ='Приложение 3'!A17 -> Расходы на выплаты персоналу государственных (муниципальных) органов | B54: 65 | C54: 1 | D54: 00 | E54: 44205 | F54: 120 | J54: =J55 -> 47.9
A55: ='Приложение 3'!A8 -> Общегосударственные вопросы | B55: 65 | C55: 1 | D55: 00 | E55: 44205 | F55: 120 | G55: 01 | J55: =J56 -> 47.9
A56: ='Приложение 3'!A9 -> Функционирование высшего должностного лица субъекта Российской Федерации и муниципального образования | B56: 65 | C56: 1 | D56: 00 | E56: 44205 | F56: 120 | G56: 01 | H56: 02 | J56: =J57 -> 47.9
A57: =A65 -> Администрация Анненковского сельского поселения Ромодановского муниципального района Республики Мордовия | B57: 65 | C57: 1 | D57: 00 | E57: 44205 | F57: 120 | G57: 01 | H57: 02 | I57: 910 | J57: ='Приложение 3'!J17 -> 47.9
A58: ='Приложение 3'!A20 -> Расходы в рамках обеспечения деятельности Администрации Анненковского сельского поселения | B58: 65 | C58: 2 | J58: =J59+J66 -> 1099.3 | K58: =K59+K66 -> 806.5 | L58: =L59+L66 -> 915.2
A59: Расходы на выплаты по оплате труда работников органов местного самоуправления | B59: 65 | C59: 2 | D59: 00 | E59: 41110 | J59: =J60 -> 625 | K59: =K60 -> 605.9 | L59: =L60 -> 605.9
A60: Расходы на выплаты персоналу в целях обеспечения выполнения функций государственными (муниципальными) органами, казенными учреждениями, органами управления государственными внебюджетными фондами | B60: 65 | C60: 2 | D60: 00 | E60: 41110 | F60: 100 | J60: =J61 -> 625 | K60: =K61 -> 605.9 | L60: =L61 -> 605.9
A61: Расходы на выплаты персоналу государственных (муниципальных) органов | B61: 65 | C61: 2 | D61: 00 | E61: 41110 | F61: 120 | J61: =J62 -> 625 | K61: =K62 -> 605.9 | L61: =L62 -> 605.9
A62: Общегосударственные вопросы | B62: 65 | C62: 2 | D62: 00 | E62: 41110 | F62: 120 | G62: 01 | J62: =J63 -> 625 | K62: =K63 -> 605.9 | L62: =L63 -> 605.9
A63: ='Приложение 3'!A18 -> Функционирование Правительства Российской Федерации, высших исполнительных органов субъектов Российской Федерации, местных администраций | B63: 65 | C63: 2 | D63: 00 | E63: 41110 | F63: 120 | G63: 01 | H63: 04 | J63: =J64 -> 625 | K63: =K64 -> 605.9 | L63: =L64 -> 605.9
A64: Администрация Анненковского сельского поселения Ромодановского муниципального района Республики Мордовия | B64: 65 | C64: 2 | D64: 00 | E64: 41110 | F64: 120 | G64: 01 | H64: 04 | I64: 910 | J64: ='Приложение 3'!J23 -> 625 | K64: ='Приложение 3'!K23 -> 605.9 | L64: ='Приложение 3'!L23 -> 605.9
A65: =A72 -> Администрация Анненковского сельского поселения Ромодановского муниципального района Республики Мордовия | B65: 65 | C65: 2 | D65: 00 | E65: 41110 | F65: 120 | G65: 01 | H65: 04 | I65: 910 | J65: ='Приложение 3'!J23 -> 625 | K65: ='Приложение 3'!K23 -> 605.9 | L65: ='Приложение 3'!L23 -> 605.9
A66: ='Приложение 3'!A24 -> Расходы на обеспечение выполнения функций органов местного самоуправления | B66: 65 | C66: 2 | D66: 00 | E66: 41120 | J66: =J67+J73 -> 474.3 | K66: =K67+K73 -> 200.6 | L66: =L67+L73 -> 309.3
A67: Закупка товаров, работ и услуг для обеспечения государственных (муниципальных) нужд | B67: 65 | C67: 2 | D67: 00 | E67: 41120 | F67: 200 | J67: =J68 -> 469.3 | K67: =K68 -> 195.6 | L67: =L68 -> 304.3
A68: Иные закупки товаров, работ и услуг для обеспечения государственных (муниципальных) нужд | B68: 65 | C68: 2 | D68: 00 | E68: 41120 | F68: 240 | J68: =J69 -> 469.3 | K68: =K69 -> 195.6 | L68: =L69 -> 304.3
A69: Общегосударственные вопросы | B69: 65 | C69: 2 | D69: 00 | E69: 41120 | F69: 240 | G69: 01 | J69: =J70 -> 469.3 | K69: =K70 -> 195.6 | L69: =L70 -> 304.3
A70: =A63 -> Функционирование Правительства Российской Федерации, высших исполнительных органов субъектов Российской Федерации, местных администраций | B70: 65 | C70: 2 | D70: 00 | E70: 41120 | F70: 240 | G70: 01 | H70: 04 | J70: =J71 -> 469.3 | K70: =K71 -> 195.6 | L70: =L71 -> 304.3
A71: Администрация Анненковского сельского поселения Ромодановского муниципального района Республики Мордовия | B71: 65 | C71: 2 | D71: 00 | E71: 41120 | F71: 240 | G71: 01 | H71: 04 | I71: 910 | J71: ='Приложение 3'!J26 -> 469.3 | K71: ='Приложение 3'!K26 -> 195.6 | L71: ='Приложение 3'!L26 -> 304.3
A72: =A78 -> Администрация Анненковского сельского поселения Ромодановского муниципального района Республики Мордовия | B72: 65 | C72: 2 | D72: 00 | E72: 41120 | F72: 240 | G72: 01 | H72: 04 | I72: 910 | J72: ='Приложение 3'!J26 -> 469.3 | K72: ='Приложение 3'!K26 -> 195.6 | L72: ='Приложение 3'!L26 -> 304.3
A73: Иные бюджетные ассигнования | B73: 65 | C73: 2 | D73: 00 | E73: 41120 | F73: 800 | J73: =J74 -> 5 | K73: =K74 -> 5 | L73: =L74 -> 5
A74: Уплата налогов, сборов и иных платежей | B74: 65 | C74: 2 | D74: 00 | E74: 41120 | F74: 850 | J74: =J75 -> 5 | K74: =K75 -> 5 | L74: =L75 -> 5
A75: Общегосударственные вопросы | B75: 65 | C75: 2 | D75: 00 | E75: 41120 | F75: 850 | G75: 01 | J75: =J76 -> 5 | K75: =K76 -> 5 | L75: =L76 -> 5
A76: =A70 -> Функционирование Правительства Российской Федерации, высших исполнительных органов субъектов Российской Федерации, местных администраций | B76: 65 | C76: 2 | D76: 00 | E76: 41120 | F76: 850 | G76: 01 | H76: 04 | J76: =J77 -> 5 | K76: =K77 -> 5 | L76: =L77 -> 5
A77: Администрация Анненковского сельского поселения Ромодановского муниципального района Республики Мордовия | B77: 65 | C77: 2 | D77: 00 | E77: 41120 | F77: 850 | G77: 01 | H77: 04 | I77: 910 | J77: ='Приложение 3'!J28 -> 5 | K77: ='Приложение 3'!K28 -> 5 | L77: ='Приложение 3'!L28 -> 5
A78: =A87 -> Администрация Анненковского сельского поселения Ромодановского муниципального района Республики Мордовия | B78: 65 | C78: 2 | D78: 00 | E78: 41120 | F78: 850 | G78: 01 | H78: 04 | I78: 910 | J78: ='Приложение 3'!J27 -> 5 | K78: ='Приложение 3'!K27 -> 5 | L78: ='Приложение 3'!L27 -> 5
A79: ='Приложение 3'!A69 -> Непрограммные расходы главных распорядителей средств бюджетаАнненковского сельского поселения Ромодановского муниципального района Республики Мордовия | B79: 89 | J79: =J80 -> 304.6 | K79: =K80 -> 319.4 | L79: =L80 -> 325.6
A80: ='Приложение 3'!A70 -> Непрограммные расходы в рамках обеспечения деятельности главных распорядителей средств бюджетаАнненковского сельского поселения Ромодановского муниципального района Республики Мордовия | B80: 89 | C80: 1 | J80: =J81+J88+J112+J95+J101 -> 304.6 | K80: =K81+K88+K112+K95+K101 -> 319.4 | L80: =L81+L88+L112+L95+L101 -> 325.6
A81: ='Приложение 3'!A71 -> Доплаты к пенсиям муниципальных служащих Республики Мордовия | B81: 89 | C81: 1 | D81: 00 | E81: 03010 | J81: =J82 -> 138.4 | K81: =K82 -> 138.4 | L81: =L82 -> 138.4
A82: ='Приложение 3'!A72 -> Социальное обеспечение и иные выплаты населению | B82: 89 | C82: 1 | D82: 00 | E82: 03010 | F82: 300 | J82: =J83 -> 138.4 | K82: =K83 -> 138.4 | L82: =L83 -> 138.4
A83: ='Приложение 3'!A73 -> Публичные нормативные социальные выплаты гражданам | B83: 89 | C83: 1 | D83: 00 | E83: 03010 | F83: 310 | J83: =J84 -> 138.4 | K83: =K84 -> 138.4 | L83: =L84 -> 138.4
A84: ='Приложение 3'!A67 -> Социальная политика | B84: 89 | C84: 1 | D84: 00 | E84: 03010 | F84: 310 | G84: 10 | J84: =J85 -> 138.4 | K84: =K85 -> 138.4 | L84: =L85 -> 138.4
A85: ='Приложение 3'!A68 -> Пенсионное обеспечение | B85: 89 | C85: 1 | D85: 00 | E85: 03010 | F85: 310 | G85: 10 | H85: 01 | J85: =J86 -> 138.4 | K85: =K86 -> 138.4 | L85: =L86 -> 138.4
A86: =A77 -> Администрация Анненковского сельского поселения Ромодановского муниципального района Республики Мордовия | B86: 89 | C86: 1 | D86: 00 | E86: 03010 | F86: 310 | G86: 10 | H86: 01 | I86: 910 | J86: ='Приложение 3'!J73 -> 138.4 | K86: ='Приложение 3'!K73 -> 138.4 | L86: ='Приложение 3'!L73 -> 138.4
A87: =A94 -> Администрация Анненковского сельского поселения Ромодановского муниципального района Республики Мордовия | B87: 89 | C87: 1 | D87: 00 | E87: 03010 | F87: 310 | G87: 10 | H87: 01 | I87: 910 | J87: ='Приложение 3'!J73 -> 138.4 | K87: ='Приложение 3'!K73 -> 138.4 | L87: ='Приложение 3'!L73 -> 138.4
A88: ='Приложение 3'!A37 -> Резервный фонд аминистрации Анненковского сельского поселени Ромодановского муниципального района Республики Мордовия | B88: 89 | C88: 1 | D88: 00 | E88: 41180 | J88: =J89 -> 5 | K88: =K89 -> 5 | L88: =L89 -> 5
A89: ='Приложение 3'!A38 -> Иные бюджетные ассигнования | B89: 89 | C89: 1 | D89: 00 | E89: 41180 | F89: 800 | J89: =J90 -> 5 | K89: =K90 -> 5 | L89: =L90 -> 5
A90: ='Приложение 3'!A39 -> Резервные средства | B90: 89 | C90: 1 | D90: 00 | E90: 41180 | F90: 870 | J90: =J91 -> 5 | K90: =K91 -> 5 | L90: =L91 -> 5
A91: ='Приложение 3'!A8 -> Общегосударственные вопросы | B91: 89 | C91: 1 | D91: 00 | E91: 41180 | F91: 870 | G91: 01 | J91: =J92 -> 5 | K91: =K92 -> 5 | L91: =L92 -> 5
A92: ='Приложение 3'!A34 -> Резервные фонды | B92: 89 | C92: 1 | D92: 00 | E92: 41180 | F92: 870 | G92: 01 | H92: 11 | J92: =J93 -> 5 | K92: =K93 -> 5 | L92: =L93 -> 5
A93: =A86 -> Администрация Анненковского сельского поселения Ромодановского муниципального района Республики Мордовия | B93: 89 | C93: 1 | D93: 00 | E93: 41180 | F93: 870 | G93: 01 | H93: 11 | I93: 910 | J93: ='Приложение 3'!J39 -> 5 | K93: ='Приложение 3'!K39 -> 5 | L93: ='Приложение 3'!L39 -> 5
A94: =A100 -> Администрация Анненковского сельского поселения Ромодановского муниципального района Республики Мордовия | B94: 89 | C94: 1 | D94: 00 | E94: 41180 | F94: 870 | G94: 01 | H94: 11 | I94: 910 | J94: ='Приложение 3'!J39 -> 5 | K94: ='Приложение 3'!K39 -> 5 | L94: ='Приложение 3'!L39 -> 5
A95: ='Приложение 3'!A78 -> Процентные платежи по муниципальному долгу | B95: 89 | C95: 1 | D95: 00 | E95: 41240 | J95: =J96 -> 1.6 | K95: =K96 -> 1.5 | L95: =L96 -> 1.4
A96: ='Приложение 3'!A79 -> Обслуживание государственного (муниципального)долга | B96: 89 | C96: 1 | D96: 00 | E96: 41240 | F96: 800 | J96: =J97 -> 1.6 | K96: =K97 -> 1.5 | L96: =L97 -> 1.4
A97: ='Приложение 3'!A80 -> Обслуживание муниципального долга | B97: 89 | C97: 1 | D97: 00 | E97: 41240 | F97: 870 | J97: =J98 -> 1.6 | K97: =K98 -> 1.5 | L97: =L98 -> 1.4
A98: ='Приложение 3'!A8 -> Общегосударственные вопросы | B98: 89 | C98: 1 | D98: 00 | E98: 41240 | F98: 870 | G98: 01 | J98: =J99 -> 1.6 | K98: =K99 -> 1.5 | L98: =L99 -> 1.4
A99: ='Приложение 3'!A74 -> Обслуживание государственного (муниципального)долга | B99: 89 | C99: 1 | D99: 00 | E99: 41240 | F99: 870 | G99: 01 | H99: 13 | J99: =J100 -> 1.6 | K99: =K100 -> 1.5 | L99: =L100 -> 1.4
A100: =A111 -> Администрация Анненковского сельского поселения Ромодановского муниципального района Республики Мордовия | B100: 89 | C100: 1 | D100: 00 | E100: 41240 | F100: 870 | G100: 01 | H100: 13 | I100: 910 | J100: ='Приложение 3'!J80 -> 1.6 | K100: ='Приложение 3'!K80 -> 1.5 | L100: ='Приложение 3'!L80 -> 1.4
...

Sheet прил 6
C1: Приложение 6
C2: решение Совета депутатов Анненковского сельского поселения Ромодановского муниципального района Республики Мордовия "О бюджете Анненковского сельского поселения Ромодановского муниципального района Республики Мордовия на 2025 год и на плановый период 2026 и 2027 годов"
A3: ИСТОЧНИКИ ВНУТРЕННЕГО ФИНАНСИРОВАНИЯ ДЕФИЦИТА БЮДЖЕТА АННЕНКОВСКОГО СЕЛЬСКОГО ПОСЕЛЕНИЯ РОМОДАНОВСКОГО МУНИЦИПАЛЬНОГО РАЙОНА РЕСПУБЛИКИ МОРДОВИЯ НА 2025 ГОД И НА ПЛАНОВЫЙ ПЕРИОД 2026 и 2027 ГОДОВ
A7: Код | B7: Наименование кода группы, подгруппы, статьи, вида источника финансирования дефицитов бюджетов, кода классификации операций сектора государственного управления, относящихся к источникам финансирования дефицитов бюджетов Российской Федерации | C7: Сумма (тыс. руб.)
C8: 2025 год | D8: 2026 год | E8: 2027 год
A9: 1 | B9: 2 | C9: 3 | D9: 4 | E9: 5
A10: 000 01 00 00 00 00 0000 000 | B10: ИСТОЧНИКИ ВНУТРЕННЕГО ФИНАНСИРОВАНИЯ ДЕФИЦИТОВ БЮДЖЕТОВ | C10: =C11+C22+C14+C18 -> -47.8 | D10: =D11+D22+D14+D18 -> -63.8 | E10: =E11+E22+E14+E18 -> -79.7
A11: 000 01 02 00 00 00 0000 000 | B11: Кредиты кредитных организаций в валюте Российской Федерации | C11: =SUM(C12) -> 0 | D11: =SUM(D12) -> 0 | E11: =SUM(E12) -> 0
A12: 000 01 02 00 00 00 0000 700 | B12: Привлечение кредитов от кредитных организаций в валюте Российской Федерации | C12: =SUM(C13) -> 0 | D12: =SUM(D13) -> 0 | E12: =SUM(E13) -> 0
A13: 000 01 02 00 00 05 0000 710 | B13: Привлечение кредитов от кредитных организаций бюджетами муниципальных районов в валюте Российской Федерации | C13: 0 | D13: 0 | E13: 0
A14: 000 01 03 00 00 00 0000 000 | B14: Бюджетные кредиты из других бюджетов бюджетной системы Российской Федерации | C14: =C15 -> -47.8 | D14: =D15 -> -63.8 | E14: =E15 -> -79.7
A15: 000 01 03 01 00 00 0000 000 | B15: Бюджетные кредиты из других бюджетов бюджетной системы Российской Федерации в валюте Российской Федерации | C15: =C16 -> -47.8 | D15: =D16 -> -63.8 | E15: =E16 -> -79.7
A16: 000 01 03 01 00 00 0000 800 | B16: Погашение бюджетных кредитов, полученных из других бюджетов бюджетной системы Российской Федерации в валюте Российской Федерации | C16: =C17 -> -47.8 | D16: =D17 -> -63.8 | E16: =E17 -> -79.7
A17: 000 01 03 01 00 10 0000 810 | B17: Погашение бюджетами сельских поселений кредитов из других бюджетов бюджетной системы Российской Федерации в валюте Российской Федерации | C17: -47.8 | D17: -63.8 | E17: -79.7
A18: 000 01 06 00 00 00 0000 000 | B18: Иные источники внутреннего финансирования дефицитов бюджетов | C18: =C19 -> 0 | D18: =D19 -> 0 | E18: =E19 -> 0
A19: 000 01 06 05 00 00 0000 000 | B19: Бюджетные кредиты, предоставленные внутри страны в валюте Российской Федерации | C19: =C20 -> 0 | D19: =D20 -> 0 | E19: =E20 -> 0
A20: 000 01 06 05 02 00 0000 600 | B20: Возврат бюджетных кредитов, предоставленных другим бюджетам бюджетной системы Российской Федерации в валюте Российской Федерации | C20: =C21 -> 0 | D20: =D21 -> 0 | E20: =E21 -> 0
A21: 000 01 06 05 02 05 0000 640 | B21: Возврат бюджетных кредитов, предоставленных другим бюджетам бюджетной системы Российской Федерации из бюджетов муниципальных районов в валюте Российской Федерации | C21: 0 | D21: 0 | E21: 0
A22: 000 01 05 00 00 00 0000 000 | B22: Изменения остатков средств на счетах по учету средств бюджета | C22: 0 | D22: 0 | E22: 0
A23: 000 01 05 02 00 00 0000 500 | B23: Увеличение прочих остатков средств бюджетов | C23: =C24 -> -2360.2 | D23: =D24 -> -2075.1 | E23: =E24 -> -2209.3
A24: 000 01 05 02 01 00 0000 510 | B24: Увеличение прочих остатков денежных средств бюджетов | C24: =C25 -> -2360.2 | D24: =D25 -> -2075.1 | E24: =E25 -> -2209.3
A25: 000 01 05 02 01 10 0000 510 | B25: Увеличение прочих остатков денежных средств бюджетов сельских поселений | C25: -2360.2 | D25: -2075.1 | E25: -2209.3
A26: 000 01 05 02 00 00 0000 600 | B26: Уменьшение прочих остатков средств бюджетов | C26: =C27 -> 2360.2 | D26: =D27 -> 2075.1 | E26: =E27 -> 2209.3
A27: 000 01 05 02 01 00 0000 610 | B27: Уменьшение прочих остатков денежных средств бюджетов | C27: =SUM(C28) -> 2360.2 | D27: =SUM(D28) -> 2075.1 | E27: =SUM(E28) -> 2209.3
A28: 000 01 05 02 01 05 0000 610 | B28: Уменьшение прочих остатков денежных средств бюджетов муниципальных районов | C28: 2360.2 | D28: 2075.1 | E28: 2209.3
A29: 000 01 00 00 00 00 0000 000 | B29: Итого источников внутреннего финансирования дефицита бюджета Анненковского сельского поселения Ромодановского муниципального района Республики Мордовия | C29: 0 | D29: 0 | E29: 0
B30: собственные доходы | C30: 899.9 | D30: 953 | E30: 1010.7
C31: 3

Sheet прил7
D2: Приложение 7
D3: решение Совета депутатов Анненковского сельского поселения Ромодановского муниципального района Республики Мордовия "О бюджете Аненнковского сельского поселенияРомодановского муниципального района Республики Мордовия на 2025 год и на плановый период 2026 и 2027 годов"
A4: ПРОГРАММА МУНИЦИПАЛЬНЫХ ВНУТРЕННИХ ЗАИМСТВОВАНИЙ АННЕНКОВСКОГО СЕЛЬСКОГО ПОСЕЛЕНИЯ РОМОДАНОВСКОГО МУНИЦИПАЛЬНОГО РАЙОНА РЕСПУБЛИКИ МОРДОВИЯ НА 2025 ГОД И НА ПЛАНОВЫЙ ПЕРИОД 2026 И 2027 ГОДОВ
A8: № п/п | B8: ВИДЫ ЗАИМСТВОВАНИЙ | C8: Сумма (тыс. рублей)
C9: 2025 год | D9: 2026 год | E9: 2027 год
A10: 1 | B10: 2 | C10: 3 | D10: 4 | E10: 5
A11: ВСЕГО
A12: I | B12: Кредиты кредитных организаций в валюте Российской Федерации | C12: =C14 -> 0 | D12: =D14 -> 0 | E12: =E14 -> 0
B13: в том числе
A14: 1 | B14: Объем привлечения
A15: 2 | B15: Объем средств, направляемых на погашение основной суммы долга
A16: 11 | B16: Бюджетные кредиты от других бюджетов бюджетной системы Российской Федерации | C16: =C19 -> -47.8 | D16: =D19 -> -63.8 | E16: =E19 -> -79.7
B17: в том числе
A18: 1 | B18: Объем привлечения
A19: 2 | B19: Объем средств, направляемых на погашение основной суммы долга | C19: ='прил 6'!C17 -> -47.8 | D19: ='прил 6'!D17 -> -63.8 | E19: ='прил 6'!E17 -> -79.7
B20: ВСЕГО | C20: =C14+C19 -> -47.8 | D20: =D14+D19 -> -63.8 | E20: =E14+E19 -> -79.7
